 Dungeon Crawl Stone Soup version 0.24-a0-736-g4e6fe308c7 (webtiles) character file.

Game seed: 9193542505875240088, levelgen mode: deterministic

142 Oninnaise the Ruffian (level 5, 0/40 HPs)
             Began as a Demonspawn Gladiator on Oct 2, 2019.
             Slain by a gnoll
             ... wielding a +0 halberd
              (10 damage)
             ... on level 3 of the Dungeon.
             The game lasted 00:04:06 (2580 turns).

Oninnaise the Ruffian (Demonspawn Gladiator)        Turns: 2580, Time: 00:04:07

Health: 0/40       AC:  4    Str: 16    XL:     5   Next: 4%
Magic:  0/5        EV: 16    Int:  9    God:
Gold:   167        SH:  0    Dex: 14    Spells: 4/4 levels left

rFire    . . .     SeeInvis .     - Unarmed
rCold    . . .     Gourm    .   (no shield)
rNeg     . . .     Faith    .   a - +0 leather armour
rPois    .         Spirit   +   b - +0 helmet
rElec    .         Reflect  .   (no cloak)
rCorr    .         Harm     .   (no gloves)
MR       .....                  (no boots)
Stlth    +.........             (no amulet)
HPRegen  0.13/turn              (no ring)
MPRegen  0.09/turn              (no ring)

@: repel missiles
A: repulsion field 3, magic shield, MP-powered wands
a: no special abilities


You were on level 3 of the Dungeon.
You were not hungry.

You visited 1 branch of the dungeon, and saw 3 of its levels.

You collected 167 gold pieces.

Inventory:

Missiles
 c - 3 throwing nets (quivered)
Armour
 a - a +0 leather armour (worn)
 b - a +0 helmet (worn)
Jewellery
 e - a cursed ring of protection from cold {unknown}
 g - a +5 amulet of reflection {unknown}
Scrolls
 f - a scroll of identify {unknown}
 h - a scroll of enchant weapon {unknown}
 i - 3 scrolls of teleportation {unknown}
 k - 2 scrolls of fear {unknown}
 l - a scroll of remove curse {unknown}
 m - a scroll of noise {unknown}
Comestibles
 d - 5 rations


   Skills:
 + Level 2.9 Fighting
 - Level 1.7 Throwing
 - Level 2.6 Dodging
 * Level 4.8 Unarmed Combat


You had 4 spell levels left.
You didn't know any spells.
Your spell library was empty.

Dungeon Overview and Level Annotations

Branches:
Dungeon (3/15)

Altars:
Okawaru
Qazlal


Innate Abilities, Weirdness & Mutations

You are surrounded by a strong repulsion field. (EV +4, RMsl)
When hurt, damage is shared between your health and your magic reserves.
You expend magic power (3 MP) to strengthen your wands.


Message History

The gnoll hits you from afar with a +0 halberd.
The gnoll hits you from afar with a +0 halberd.
The gnoll hits you but does no damage.
The gnoll hits you from afar with a +0 halberd.
Your transformation is almost over.
The gnoll hits you but does no damage. The gnoll hits you but does no damage.
The gnoll completely misses you. The gnoll hits you but does no damage.
The gnoll hits you but does no damage. The gnoll hits you but does no damage.
The gnoll hits you but does no damage. The gnoll hits you but does no damage.
You feel less wooden.
Your +0 helmet unmelds from your body.
Your +0 leather armour unmelds from your body.
The gnoll hits you from afar with a +0 halberd!
* * * LOW HITPOINT WARNING * * *
The gnoll hits you from afar with a +0 halberd!
You die...

..... ... #...........#.#..
..... #.# #...........#.#..
...... #.# #...........#.#..
......####.### #...........#.#.#
.............# ####..#####.#+#.#
..!..........# ##.## #......
.......)..)..# #..# #......
...........gg########.####......
...........glg†@.........#......
...........###########.#.#......
......###### #.........#.#.#.#..
...... #.......#.#.#.#.#..
...... #.......#.#.#.#.... #.##
#....<..#(#.#.###..
#.......#...#.# #.#
#...........#.###..
#.......##..#......


You could see 4 gnolls and a frilled lizard.

Vanquished Creatures
  5 adders
  2 oozes
  2 worms
  A dart slug (D:1)
  2 leopard geckos (D:3)
  5 orcs (D:3)
  10 bats
  3 giant cockroaches
  12 goblins
  9 hobgoblins
  7 kobolds
  2 ball pythons (D:2)
  3 frilled lizards
  11 rats
74 creatures vanquished.

Notes
Turn   | Place    | Note
-------+----------+-------------------------------------------
     0 | D:1      | Oninnaise the Demonspawn Gladiator began the quest for the
                  | Orb.
     0 | D:1      | Reached XP level 1. HP: 16/16 MP: 1/1
   181 | D:1      | Reached skill level 3 in Unarmed Combat
   181 | D:1      | Gained mutation: You are surrounded by a mild repulsion
                  | field. (EV +2) [demonic ancestry]
   181 | D:1      | Reached XP level 2. HP: 17/22 MP: 2/2
   705 | D:1      | Gained mutation: When hurt, damage is shared between your
                  | health and your magic reserves. [demonic ancestry]
   705 | D:1      | Reached XP level 3. HP: 27/27 MP: 3/3
  1088 | D:2      | Reached skill level 4 in Unarmed Combat
  1259 | D:2      | Gained mutation: You are surrounded by a moderate repulsion
                  | field. (EV +3) [demonic ancestry]
  1259 | D:2      | Reached XP level 4. HP: 8/34 MP: 2/4
  1520 | D:2      | Gained mutation: Scrolls take you a little longer to read.
                  | [potion of mutation]
  1520 | D:2      | Gained mutation: You expend magic power (3 MP) to
                  | strengthen your wands. [potion of mutation]
  1520 | D:2      | Gained mutation: You are weak. (Str -2) [potion of
                  | mutation]
  1520 | D:2      | Gained mutation: Your flesh is cold resistant. (rC+)
                  | [potion of mutation]
  1522 | D:2      | Lost mutation: You expend magic power (3 MP) to strengthen
                  | your wands. [potion of mutation]
  1522 | D:2      | Lost mutation: Scrolls take you a little longer to read.
                  | [potion of mutation]
  1522 | D:2      | Lost mutation: Your flesh is cold resistant. (rC+) [potion
                  | of mutation]
  1522 | D:2      | Gained mutation: Your spells are a little easier to cast,
                  | but a little less powerful. [potion of mutation]
  1522 | D:2      | Gained mutation: You evolve. [potion of mutation]
  1523 | D:2      | Lost mutation: You evolve. [potion of mutation]
  1523 | D:2      | Lost mutation: Your spells are a little easier to cast, but
                  | a little less powerful. [potion of mutation]
  1523 | D:2      | Lost mutation: You are weak. (Str -2) [potion of mutation]
  1523 | D:2      | Gained mutation: You expend magic power (3 MP) to
                  | strengthen your wands. [potion of mutation]
  1523 | D:2      | Gained mutation: You are surrounded by a strong repulsion
                  | field. (EV +4, RMsl) [potion of mutation]
  1780 | D:2      | Found a faded altar of an unknown god.
  1897 | D:2      | Found a stormy altar of Qazlal.
  2246 | D:3      | Found an iron altar of Okawaru.
  2523 | D:3      | Reached XP level 5. HP: 28/40 MP: 3/5
  2580 | D:3      | Slain by a gnoll

Levels and vault maps discovered:
D:1:      psy_arrival_whirlpool, layout_basic
D:2:      minmay_chambers_of_twos, layout_basic, lemuel_coloured_pillars_altar,
          first_ration, chequers_ecumenical_altar_simple_redux
D:3:      layout_basic, marbit_many_paths

Skill      XL: |  1  2  3 |
---------------+----------+-----
Unarmed Combat | 3 4 |  4.8
Fighting       | |  2.9
Throwing       | |  1.7
Dodging        | |  2.6

Action                   |  1- 3 |  4- 6 || total
-------------------------+-------+-------++-------
Melee: Unarmed           |   175 |   112 ||   287
       Punch             |     5 |       ||     5
  Use: Potion            |       |     6 ||     6
  Eat: Ration            |     1 |     1 ||     2
Armor: Leather armour    |    30 |    32 ||    62
       Skin              |       |    20 ||    20
Dodge: Dodged            |   132 |   104 ||   236

Table legend:
 A = Non-vault XP
 B = Vault XP
 C = Vault XP percentage of total XP
 D = Non-vault monster count
 E = Vault monster count
 F = Vault count percentage of total count
                 A         B        C        D         E       F
            +---------+---------+-------+---------+---------+-------
      Total |     153 |      51 |  25.0 |      65 |       9 |  12.2
            +---------+---------+-------+---------+---------+-------
        D:1 |      45 |       0 |   0.0 |      21 |       0 |   0.0
        D:2 |      59 |      48 |  44.9 |      26 |       8 |  23.5
        D:3 |      49 |       3 |   5.8 |      18 |       1 |   5.3
            +---------+---------+-------+---------+---------+-------
